[Event "*** Titled Tuesday 3|2 Blitz"]
[Site "Chess.com"]
[Date "2016.08.02"]
[Round "5"]
[White "shivakaka"]
[Black "stepanosinovsky"]
[Result "1-0"]
[WhiteElo "2117"]
[BlackElo "2169"]
[TimeControl "180+2"]
[EndTime "12:06:25 PDT"]
[Termination "shivakaka won on time"]

1. e4 b6 2. d4 Bb7 3. Bd3 e6 4.
Ne2 Nf6 5. Ng3 h5 6. f3 h4 7. Ne2 c5 8. Bg5 Qc7 9. e5 Nd5 10. c3 d6 11. exd6 Bxd6 12. a3 Bxh2 13. Qd2 Nd7 14.
c4 N5f6 15. Nbc3 cxd4 16. Nb5 Bg3+ 17. Nxg3 Qxg3+ 18. Kd1 e5 19. Nd6+ Kf8 20. Nxb7 Rh5 21. Bxf6 Nxf6 22. Nd6 Rd8 23. Ne4 Nxe4 24. fxe4 Rd6 25.
Kc2 Rf6 26. Raf1 Rxf1 27. Rxf1 Rg5 28. b4 Qxg2 29. Rf2 Qg1 30. Qe2 Qa1 31. Kb3 1-0

[Event "*** Titled Tuesday 3|2 Blitz"]
[Site "Chess.com"]
[Date "2016.08.02"]
[Round "5"]
[White "Usurpov"]
[Black "bugsbunny444"]
[Result "1-0"]
[WhiteElo "2339"]
[BlackElo "2302"]
[TimeControl "180+2"]
[EndTime "12:06:30 PDT"]
[Termination "Usurpov won by resignation"]

1. e4 e6 2. d4 d5 3. e5 c5 4. c3 Nc6 5. Nf3 Qb6 6. a3 f6 7. Bd3 fxe5 8. dxe5 Nh6 9. O-O c4 10. Bc2 Nf7 11. Qe2 g6 12. Nbd2 Bg7 13. b4 O-O 14. a4 Ncxe5 15. Nd4 Bd7 16. a5 Qd6 17. b5 Rfe8 18. Ba3 Qc7 19. Bb4 Nd3 20. Bxd3 cxd3 21. Qxd3 e5 22. N4b3 Be6 23. Nc5 Bf5 24. Qxd5 Rad8 25.
Qa2 e4 26. Rfe1 Bxc3 27. Bxc3 Qxc5 28. Qb2 e3 29. Rxe3 Rxe3 30. fxe3 Qxe3+ 31. Kh1 Rc8 32. Rc1 h5 33. Bb4 Re8 34. Bc5 Qe1+ 35. Rxe1 1-0

[Event "*** Titled Tuesday 3|2 Blitz"]
[Site "Chess.com"]
[Date "2016.08.02"]
[Round "5"]
[White "workhard91"]
[Black "NTBT_DHS"]
[Result "1-0"]
[WhiteElo "2387"]
[BlackElo "2475"]
[TimeControl "180+2"]
[EndTime "12:06:39 PDT"]
[Termination "workhard91 won by checkmate"]

1. e4 g6 2. d4 Bg7 3. Nc3 a6 4. f4 d5 5. e5 Nh6 6. Nf3 O-O 7. Be2 Nf5 8. O-O b5 9. a4 b4 10. Nb1 f6 11. Bd3 Nc6 12. c3 e6 13. Qe2 fxe5 14. fxe5 Nh4 15. Nbd2 Nf5 16. Nb3 h6 17. a5 Qe7 18. Nc5 Rf7 19. Bd2 Bf8 20. g4 Nh4 21. Nxh4 Qxh4 22. Rxf7 Kxf7 23. Rf1+ Kg7 24. Qf3 Qe7 25. Qxf8+ Qxf8 26. Bxh6+ Kxh6 27. Rxf8 Bb7 28. Rxa8 Bxa8 29. Bxa6 bxc3 30. bxc3 Nxa5 31. Nxe6 Bc6 32. Nxc7 Nb3 33. Bb5 Bb7 34. e6 Nd2 35. e7 Nf3+ 36. Kf2 Nxh2 37. e8=Q Nxg4+ 38. Kg3 Nf6 39. Qh8+ Kg5 40.
Ne6+ Kf5 41. Ng7+ Ke4 42. Qh4+ Ke3 43. Qf4# 1-0

[Event "*** Titled Tuesday 3|2 Blitz"]
[Site "Chess.com"]
[Date "2016.08.02"]
[Round "5"]
[White "ChessWarrior7197"]
[Black "Colombiano07"]
[Result "1-0"]
[WhiteElo "2464"]
[BlackElo "2226"]
[TimeControl "180+2"]
[EndTime "12:06:44 PDT"]
[Termination "ChessWarrior7197 won by resignation"]

1. e4 c5 2. Nf3 Nc6 3. Bb5 g6 4. Bxc6 bxc6 5. O-O Bg7 6. c3 Nh6 7. d4 cxd4 8. cxd4 d5 9. Nc3 O-O 10. h3 f6 11. Re1 Nf7 12. Qb3 e6 13. Bf4 Qb6 14.
Qa3 a5 15. Rac1 Rd8 16. Na4 Qb4 17. Qxb4 axb4 18. b3 Bd7 19. e5 fxe5 20. Nxe5 Nxe5 21. Bxe5 Bf8 22. Re2 Ra6 23. f4 Rda8 24. Kh2 Rxa4 25.
bxa4 Rxa4 26. g4 Ra3 27. h4 Kf7 28. h5 gxh5 29. gxh5 Bh6 30. Rb1 Bf8 31. Rg2 Be8 32. Rf1 Ke7 33. f5 Bxh5 34. fxe6 Rf3 35. Rxf3 Bxf3 36.
Rf2 Bg4 37. Bc7 Bxe6 38. Ba5 Ke8 39. Rb2 Bg7 40. Bb6 Bf8 41. Kg3 Kd7 42. Bc5 Bxc5 43. dxc5 d4 44. Rxb4 Bxa2 45. Rxd4+ Ke6 46. Kf4 Bd5 47.
Rd2 Kf7 48. Ke5 h5 49. Kd6 Ke8 50. Rh2 Bf3 51. Rh3 Bg4 52. Rg3 Kd8 53. Kxc6 Kc8 54.
Kd6 Kd8 55. c6 Kc8 56. c7 Kb7 57. Rxg4 hxg4 58. Kd7 1-0

[Event "*** Titled Tuesday 3|2 Blitz"]
[Site "Chess.com"]
[Date "2016.08.02"]
[Round "5"]
[White "DanielNaroditsky"]
[Black "petrpalachev"]
[Result "1-0"]
[WhiteElo "2663"]
[BlackElo "2430"]
[TimeControl "180+2"]
[EndTime "12:06:46 PDT"]
[Termination "DanielNaroditsky won by resignation"]

1. d4 Nf6 2. Bg5 d5 3. Bxf6 gxf6 4. e3 c5 5. Nf3 Nc6 6. c4 cxd4 7. cxd5 Qxd5 8.
Nc3 Qa5 9. exd4 Bg4 10. d5 O-O-O 11. Qb3 Bxf3 12. gxf3 Ne5 13. Be2 Bh6 14. O-O Rhg8+ 15. Kh1 Kb8 16. Rad1 Qb6 17. Qa4 Ng6 18. Rd4 Rc8 19.
Rb4 Qc5 20. Bd3 Bd2 21. Be4 Bxc3 22. bxc3 b6 23. Rfb1 Ne5 24. Qa6 Nc4 25. Rxc4 Qxc4 26. Rxb6+ axb6 27. Qxb6+ Ka8 28. d6+ Qxe4 29. fxe4 exd6 30.
Qa6+ Kb8 31. Qxd6+ Kb7 32. Qxf6 Rcd8 33. Qxf7+ Kb6 34. Qb3+ Kc5 35. e5 Rg6 36. Qb4+ Kc6 37. Qe4+ Kc7 38. h4 Rd1+ 39. Kh2 Rf1 40. Qc4+ 1-0

[Event "*** Titled Tuesday 3|2 Blitz"]
[Site "Chess.com"]
[Date "2016.08.02"]
[Round "5"]
[White "Sanan_Sjugirov"]
[Black "StellarChessPro"]
[Result "1-0"]
[WhiteElo "2668"]
[BlackElo "2352"]
[TimeControl "180+2"]
[EndTime "12:06:49 PDT"]
[Termination "Sanan_Sjugirov won by resignation"]

1. d4 d5 2. Nf3 c6 3. Bg5 Nf6 4. Nbd2 Bf5 5. e3 Nbd7 6. c4 e6 7. Qb3 Qb6 8. c5 Qxb3 9. axb3 Ne4 10. Bf4 f6 11. b4 g5 12. Bg3 Nxg3 13. hxg3 Kf7 14.
b5 Bg7 15. b4 Rhb8 16. Be2 Bg6 17. g4 h6 18. O-O e5 19. Rfc1 e4 20. Nh2 f5 21.
gxf5 Bxf5 22. Ra3 cxb5 23. Bxb5 a6 24. Be2 Rc8 25. Nb1 Rab8 26. Nc3 Nf6 27. b5 axb5 28.
Nxb5 Bf8 29. Ra7 Kg6 30. Nf1 Rc6 31. Nc3 Rc7 32. Rb1 Bd7 33. Rb6 Bc6 34. Nd2 Nd7 35. Rb1 Nxc5 36. dxc5 Bxc5 37. Ra2 Rf8 38. Nb3 Bd6 39.
Rd1 Rf5 40. Bg4 Re5 41. Nd4 h5 42. Be2 g4 43. Ncb5 Rd7 44. Nxd6 Rxd6 45. g3 Kg5 46. Kg2 Re7 47. Rh1 Rf7 48. Ra8 Rdf6 49. Rg8+ Kh6 50.
Rf1 Kh7 51. Rg5 Kh6 52. Re5 Kg6 53. Bb5 Rc7 54. Bxc6 bxc6 55. Ne2 Rb7 56. Nf4+ Kf7 57. Rxh5 Rb2 58. Rh7+ Kg8 59. Rfh1 d4 60. Rh8+ 1-0

[Event "*** Titled Tuesday 3|2 Blitz"]
[Site "Chess.com"]
[Date "2016.08.02"]
[Round "5"]
[White "simonachess"]
[Black "GremioPrudente"]
[Result "1-0"]
[WhiteElo "2137"]
[BlackElo "2075"]
[TimeControl "180+2"]
[EndTime "12:06:53 PDT"]
[Termination "simonachess won on time"]

1. d4 d5 2. c4 c6 3. Nc3 e6 4. e4 dxe4 5. Nxe4 Bb4+ 6. Bd2 Bxd2+ 7. Qxd2 Nf6 8. Nxf6+ Qxf6 9. Nf3 O-O 10. Bd3 Nd7 11. Qe3 Re8 12. O-O h6 13. Rfe1 b6 14. Ne5 Nxe5 15. dxe5 Qe7 16. Qe4 g6 17. Qxc6 Bb7 18.
Qa4 Red8 19. Rad1 Rd4 20. Bf1 Qd8 21. Qc2 Rc8 22. b3 b5 23. Qc1 bxc4 24. Bxc4 Rxd1 25. Qxd1 Qg5 26. Bf1 Bd5 27. Qe2 Kg7 28. h3 h5 29.
Qe3 Qf5 30. Qxa7 Rc2 31. a4 Ra2 32. b4 Qg5 33. a5 Rd2 34. Qe3 Qxe3 35. fxe3 Rb2 36.
b5 Ra2 37. a6 1-0

[Event "*** Titled Tuesday 3|2 Blitz"]
[Site "Chess.com"]
[Date "2016.08.02"]
[Round "5"]
[White "ajkom197"]
[Black "oggy1984"]
[Result "1-0"]
[WhiteElo "2209"]
[BlackElo "2300"]
[TimeControl "180+2"]
[EndTime "12:06:59 PDT"]
[Termination "ajkom197 won by resignation"]

1. c4 e5 2. g3 Nf6 3. Bg2 d5 4. cxd5 Nxd5 5. Nf3 Nc6 6. O-O Nb6 7. b3 Be7 8. Bb2 e4 9. Ne1 Bf6 10. Bxf6 Qxf6 11.
Nc3 Bf5 12. Nxe4 Qg6 13. d3 h5 14. Nf3 Bxe4 15. Nh4 Qf6 16. Bxe4 g5 17. Nf5 h4 18. gxh4 O-O-O 19. Rc1 Nd5 20. e3 gxh4 21. Kh1 h3 22. Rg1 Kb8 23. Rc5 Nce7 24. Nxe7 Nxe7 25.
Qe1 Rhg8 26. f4 Rxg1+ 27. Qxg1 Rg8 28. Rg5 Rd8 29. Qf1 Qb6 30. Qxh3 f5 31. Qh7 fxe4 32. Qxe7 Rc8 33. Qxe4 Qa6 34. a4 Qf6 35. Re5 Qh4 36. Re8 Qe1+ 37. Kg2 Qe2+ 38. Kg3 Qe1+ 39. Kh3 Qf1+ 40. Kg4 Qd1+ 41. Kh4 b6 42. Rxc8+ Kxc8 43. f5 Qe1+ 44. Kg5 Qg1+ 45. Kf6 Qg8 46. Qe6+ 1-0

[Event "*** Titled Tuesday 3|2 Blitz"]
[Site "Chess.com"]
[Date "2016.08.02"]
[Round "5"]
[White "danir29"]
[Black "brauliocuarta"]
[Result "0-1"]
[WhiteElo "2429"]
[BlackElo "2051"]
[TimeControl "180+2"]
[EndTime "12:07:02 PDT"]
[Termination "brauliocuarta won by resignation"]

1. d4 Nf6 2. Nc3 d5 3. Bf4 e6 4. e3 Be7 5. Nb5 Na6 6. Qf3 c6 7. Nc3 Nb4 8. O-O-O Ne4 9. Nxe4 dxe4 10. Qxe4 Nxa2+ 11. Kb1 Qa5 12. c3 e5 13. Qxe5 Qa4 14. Rd3 Be6 15.
Ne2 O-O 16. d5 Bf6 17. dxe6 Bxe5 18. Bxe5 Qe4 19. Nf4 Qxe5 20. exf7+ Rxf7 21. Kxa2 g5 22. Nh3 Qa5+ 23. Kb1 Rd8 24. Be2 Qf5 25. Rd1 Rfd7 26. e4 Qxe4 27. Nxg5 Qg6 28. Bh5 Qxd3+ 29. Rxd3 Rxd3 30.
Bf3 a5 31. Ne6 Rxf3 32. gxf3 Rd2 33. Nc5 Rxf2 34. Nxb7 Rxh2 35. Nxa5 Rf2 36. Nxc6 h5 37. b4 h4 38. Ne7+ Kf7 39. Nf5 h3 40. Nh6+ Ke6 41. Ng4 Rxf3 42. b5 Rxc3 43. b6 Rc6 44. b7 Rb6+ 45.
Kc1 Rxb7 46. Kd1 Rg7 47. Nf2 h2 48. Ke2 Rg1 49. Kf3 0-1

[Event "*** Titled Tuesday 3|2 Blitz"]
[Site "Chess.com"]
[Date "2016.08.02"]
[Round "5"]
[White "ER404"]
[Black "fpawn"]
[Result "0-1"]
[WhiteElo "2128"]
[BlackElo "2227"]
[TimeControl "180+2"]
[EndTime "12:07:02 PDT"]
[Termination "fpawn won by resignation"]

1. d4 f5 2. Bg5 g6 3. Nc3 d5 4. h4 Bg7 5. e3 c6 6. h5 h6 7.
Bf4 g5 8. Be5 Nf6 9. Bd3 O-O 10.
Nge2 Nbd7 11. Bxf5 Nxe5 12. Bxc8 Qxc8 13. dxe5 Ng4 14. Qd2 Nxf2 15. Rf1 Ng4 16. O-O-O Qe6 17. e4 dxe4 18. Nxe4 Qxe5 19. N2c3 Nf6 20. Rfe1 Nxe4 21. Rxe4 Qf6 22. Qe2 e5 23. Rd7 Rf7 24. Qc4 Rf8 25. Rxb7 Kh8 26. Rxf7 Rxf7 27. b3 Rd7 28. Kb2 Qd6 29.
Qe2 Rf7 30. Re3 Qc5 31. Ne4 Qd4+ 32. c3 Qd5 33. Rf3 Rf4 34. Re3 Kg8 35. Kc2 Kh8 36. Kb2 Qe6 37. Kc2 Qf5 38. Kb2 g4 39.
Kc2 Qxh5 40. Kb2 Qf5 41. Kc2 h5 42. Kb2 Bh6 43. Qd3 Qg6 44. Qd8+ Kh7 45. Qd7+ Rf7 46. Qd3 Bxe3 47. Qxe3 Rf4 48. Qd3 Qxe4 49. Qd7+ Kg8 50.
Qe6+ Rf7 51. Qe8+ Kg7 0-1

[Event "*** Titled Tuesday 3|2 Blitz"]
[Site "Chess.com"]
[Date "2016.08.02"]
[Round "5"]
[White "joppie2"]
[Black "MMSANCHEZ"]
[Result "1-0"]
[WhiteElo "2497"]
[BlackElo "2291"]
[TimeControl "180+2"]
[EndTime "12:07:05 PDT"]
[Termination "joppie2 won by resignation"]

1. e4 e6 2. d4 d5 3. Nc3 Nc6 4. Nf3 Nf6 5. Bd3 Bb4 6. O-O Bxc3 7.
exd5 Nxd5 8. bxc3 O-O 9. c4 Nf6 10. Bb2 b6 11. Qe2 Bb7 12. Rad1 Qe7 13. Rfe1 Rfe8 14.
Ne5 Nb4 15. Qe3 Nxd3 16. Rxd3 Rad8 17. Qg3 Qb4 18. Bc3 Qa4 19. Rde3 Qxc2 20. d5 Qf5 21. Rf3 Ne4 22. Qh4 Qxf3 23. gxf3 Nxc3 24. Re3 Na4 25. Qh5 Re7 26. dxe6 fxe6 27. Qg5 Rde8 28. Ng4 Kh8 29. h4 Nc5 30. h5 Rd7 31. Kh2 Rf8 32. Ne5 Rd6 33.
h6 gxh6 34. Qxh6 Rdd8 35. Ng6+ Kg8 36. Nxf8 Rxf8 37. f4 Ne4 38. Rxe4 Bxe4 39. Qxe6+ Kg7 40. Qe5+ Rf6 41. Qxe4 Kf7 42. Qxh7+ Ke6 43. Qxc7 Rh6+ 44. Kg3 Rg6+ 45. Kf3 Rf6 46. Ke4 Rh6 47. Qc6+ 1-0

[Event "*** Titled Tuesday 3|2 Blitz"]
[Site "Chess.com"]
[Date "2016.08.02"]
[Round "5"]
[White "AnastasiaProtopopova"]
[Black "rithwik2002"]
[Result "1-0"]
[WhiteElo "2011"]
[BlackElo "1911"]
[TimeControl "180+2"]
[EndTime "12:07:06 PDT"]
[Termination "AnastasiaProtopopova won on time"]

1. d4 Nf6 2. c4 g6 3. Nc3 Bg7 4.
e4 d6 5. h3 O-O 6. Be3 Na6 7.
Nf3 Qe8 8. Be2 e5 9. d5 Nc5 10. Qc2 a5 11. g4 Nfd7 12. O-O-O Ra6 13. h4 a4 14. h5 Nf6 15. hxg6 fxg6 16. Ng5 h6 17.
Ne6 Nxe6 18. dxe6 Bxe6 19. Bxh6 Nxg4 20. Bxg7 Kxg7 21. Bxg4 Bxg4 22. Rdg1 Bf3 23. Rh3 Qf7 24. Rhg3 Bh5 25. Nd5 Rc6 26. R1g2 b5 27. b3 axb3 28.
axb3 bxc4 29. bxc4 Bf3 30. Rh2 Rh8 31. Rxh8 Kxh8 32. Qd3 Bh5 33. Kc2 Qxf2+ 34. Kc3 Qe1+ 35. Kc2 Qa1 36. Qb3 1-0

[Event "*** Titled Tuesday 3|2 Blitz"]
[Site "Chess.com"]
[Date "2016.08.02"]
[Round "5"]
[White "Alliswell998"]
[Black "RamonManon0g"]
[Result "0-1"]
[WhiteElo "2198"]
[BlackElo "2235"]
[TimeControl "180+2"]
[EndTime "12:07:06 PDT"]
[Termination "RamonManon0g won by checkmate"]

1. e4 c5 2. Nc3 Nc6 3. f4 g6 4. Nf3 Bg7 5. Bb5 Nd4 6. O-O e6 7. e5 Ne7 8. Nxd4 cxd4 9. Ne4 O-O 10. Kh1 d5 11. Nd6 Nf5 12. Nxf5 gxf5 13. Qh5 f6 14. exf6 Qxf6 15. b3 a6 16. Bd3 Bd7 17. Ba3 Rf7 18. Bd6 Qg6 19. Qxg6 hxg6 20. Rae1 Bf8 21. Be5 Bg7 22.
g3 Rc8 23. Kg2 Bxe5 24. Rxe5 Kg7 25. h3 Rh8 26. Rh1 Kf6 27. a4 g5 28. Re2 gxf4 29.
gxf4 Rg7+ 30. Kh2 Rh4 31. Rf2 Rgg4 32. Rhf1 Rg7 33. Rf3 Be8 34. Rg3 Rgh7 35. Rfg1 Rxf4 36. Rg8 Bf7 37. Rb8 Bh5 38. Rf8+ Ke7 39. Rb8 Kd6 40. Rgg8 Bg4 41. Kg3 Rf3+ 42. Kg2 Rhxh3 43. Rxb7 Rhg3+ 44. Kh2 f4 45. Rb6+ Ke5 46. Rg5+ Bf5 47. Rxg3 Rxg3 48.
Bxf5 exf5 49. Rxa6 Rg7 50. Ra8 f3 51. Re8+ Kf4 52. Re1 f2 53. Rf1 Kf3 54. a5 Rh7# 0-1

[Event "*** Titled Tuesday 3|2 Blitz"]
[Site "Chess.com"]
[Date "2016.08.02"]
[Round "5"]
[White "TyIerDurden"]
[Black "psv98"]
[Result "1-0"]
[WhiteElo "2491"]
[BlackElo "2592"]
[TimeControl "180+2"]
[EndTime "12:07:08 PDT"]
[Termination "TyIerDurden won by checkmate"]

1. Nf3 Nf6 2. g3 g6 3. Bg2 Bg7 4. O-O O-O 5. c4 d6 6. Nc3 Nc6 7. d4 Bf5 8. Re1 Ne4 9. e3 Nxc3 10. bxc3 Be4 11. Nd2 Bxg2 12. Kxg2 e5 13. Rb1 b6 14. Bb2 Na5 15. Qa4 Qe8 16. Qxe8 Rfxe8 17. h4 c5 18. h5 Rac8 19. d5 e4 20. Rh1 f5 21. g4 fxg4 22.
hxg6 hxg6 23. Rh4 Re5 24. Rbh1 Rce8 25. Rxg4 g5 26. Rh5 Bf6 27. Kg3 Kg7 28. Rh3 Kg6 29. Kg2 R5e7 30. Kf1 Kf5 31. Rg2 Kg6 32. Rg4 Kf5 33.
Rg2 Be5 34. Rh5 Rg8 35. Ke2 Bf6 36. Rg3 Ree8 37. Rh7 Re7 38. Rh5 Kg6 39. Rhh3 Ree8 40.
Rh1 Rh8 41. Rhg1 Kf5 42. R3g2 Rh3 43. Rg4 Rh4 44. R4g2 Reh8 45. f3 exf3+ 46. Nxf3 R4h5 47. Kd3 Rh3 48. Nxg5 Rh2 49. e4+ Kf4 50. Rg4+ Ke5 51. Nf3# 1-0

[Event "*** Titled Tuesday 3|2 Blitz"]
[Site "Chess.com"]
[Date "2016.08.02"]
[Round "5"]
[White "maheswaran26"]
[Black "Haridaskesavan"]
[Result "1-0"]
[WhiteElo "2038"]
[BlackElo "2105"]
[TimeControl "180+2"]
[EndTime "12:07:16 PDT"]
[Termination "maheswaran26 won by resignation"]

1. d4 Nf6 2. Nf3 g6 3. c4 Bg7 4.
Nc3 O-O 5. e4 d6 6. h3 Nc6 7.
Bg5 h6 8. Be3 e5 9. d5 Ne7 10. g4 Ne8 11. Qd2 Kh7 12. Bd3 a6 13. O-O-O Bd7 14. Kb1 Ng8 15. Rdg1 Rb8 16. h4 b5 17. c5 Qe7 18. c6 Bc8 19. Ng5+ Kh8 20. h5 gxh5 21. Rxh5 Nef6 22. Rh4 Nh7 23. Rgh1 Nxg5 24.
Bxg5 f6 25. Bxh6 Nxh6 26. Rxh6+ Kg8 27. R6h4 Kf7 28. Nd1 Rg8 29. Ne3 Kf8 30. Be2 Qf7 31. Nf5 Bxf5 32. gxf5 Ke7 33. Bh5 Qf8 34. Bg6 b4 35.
Rh7 a5 36. Qe2 Kd8 37. Qa6 Ke7 38. Qxa5 Qc8 39. Rxg7+ Rxg7 40. Rh8 Qxh8 41. Qxc7+ Kf8 42.
Qxb8+ 1-0

[Event "*** Titled Tuesday 3|2 Blitz"]
[Site "Chess.com"]
[Date "2016.08.02"]
[Round "5"]
[White "Iball95"]
[Black "BillieKimbah"]
[Result "0-1"]
[WhiteElo "2461"]
[BlackElo "2508"]
[TimeControl "180+2"]
[EndTime "12:07:23 PDT"]
[Termination "BillieKimbah won by checkmate"]

1. e4 c5 2. Nf3 e6 3. g3 Nc6 4.
Bg2 Nf6 5. Qe2 Be7 6. O-O d5 7.
exd5 exd5 8. d4 cxd4 9. Rd1 O-O 10. Nxd4 Bg4 11. Bf3 Bxf3 12. Qxf3 Nxd4 13. Rxd4 Bc5 14. Rd1 Qb6 15. Nc3 d4 16. Na4 Qa5 17. b3 Bb4 18. a3 Bd6 19. Bb2 b5 20. Bxd4 Be7 21.
Nb2 Rad8 22. c3 Qc7 23. Nd3 Nd5 24. Nb4 Bxb4 25. axb4 Nb6 26. Ra5 Qd7 27. Rda1 Nd5 28. Rxa7 Qe6 29. R7a6 Qc8 30. Ra8 Qe6 31. Rxd8 Rxd8 32.
h4 h6 33. Kg2 Ne7 34. Bc5 Nf5 35. c4 bxc4 36. bxc4 g6 37. Rc1 Qe5 38. Be3 Qb2 39. b5 Rd3 40. Re1 Qc3 41. Rc1 Nxe3+ 42. fxe3 Qxc1 43. Qa8+ Kg7 44. Qe4 Qxe3 45. Qc6 Qxg3+ 46. Kh1 Rd1# 0-1

[Event "*** Titled Tuesday 3|2 Blitz"]
[Site "Chess.com"]
[Date "2016.08.02"]
[Round "5"]
[White "GrigorGrigorov"]
[Black "DrHolmes13"]
[Result "1/2-1/2"]
[WhiteElo "2490"]
[BlackElo "2401"]
[TimeControl "180+2"]
[EndTime "12:07:29 PDT"]
[Termination "Game drawn by repetition"]

1. d4 Nf6 2. c4 e6 3. Nc3 Bb4 4. e3 b6 5. Ne2 Ne4 6. Qc2 Bb7 7. f3 Nxc3 8. Nxc3 Qh4+ 9. Qf2 Bxc3+ 10. bxc3 Qxf2+ 11. Kxf2 Nc6 12. Ba3 Na5 13. Bb4 Nc6 14. Bd3 Ba6 15.
Rhd1 d6 16. a4 Kd7 17. h4 h6 18. g4 Rab8 19. Ke2 Na5 20. Bxa5 bxa5 21. Rab1 Rb6 22.
c5 Bxd3+ 23. Kxd3 dxc5 24. dxc5 Rxb1 25. Rxb1 Kc6 26. Rb5 a6 27. Rxa5 Kb7 28. c6+ Kb6 29. Re5 Rd8+ 30. Kc4 Kxc6 31. g5 hxg5 32. hxg5 Rd1 33. g6 fxg6 34. Rxe6+ Kb7 35. Rxg6 Ra1 36. Rxg7 Rxa4+ 37. Kd5 Ra3 38. Kd4 a5 39. f4 a4 40. Rg1 Ra2 41. Rf1 Kc6 42. e4 Kd6 43. e5+ Ke7 44. f5 Re2 45. Kd5 c6+ 46. Kxc6 Rxe5 47. f6+ Kf7 48. Kd6 Re6+ 49. Kd5 Rxf6 50. Ra1 Ra6 51. Kc5 a3 52. Kb4 a2 53. Kb3 Ke6 54.
Rxa2 Rb6+ 55. Kc4 Kd6 56. Rh2 Rb1 57. Rh7 Kc6 58. Rh6+ Kc7 59. Kc5 Rg1 60. Rh7+ Kc8 61. c4 Rg5+ 62. Kb6 Rg6+ 63. Kb5 Rg5+ 64. c5 Rg6 65. Rf7 Rh6 66. Ka5 Rg6 67. Kb5 Rh6 68. Rg7 Rf6 69. Rg1 Rh6 70. Rf1 Rg6 71.
Re1 Rh6 72. Rd1 Rg6 73. Re1 Kc7 74. Rf1 Rh6 75. Rf7+ Kc8 1/2-1/2

[Event "*** Titled Tuesday 3|2 Blitz"]
[Site "Chess.com"]
[Date "2016.08.02"]
[Round "5"]
[White "GeorgMeier"]
[Black "Gabrielian_Artur"]
[Result "1/2-1/2"]
[WhiteElo "2699"]
[BlackElo "2561"]
[TimeControl "180+2"]
[EndTime "12:07:30 PDT"]
[Termination "Game drawn by stalemate"]

1. Nf3 Nf6 2. g3 g6 3. Bg2 Bg7 4. O-O O-O 5. d4 d6 6. b3 Nbd7 7. Bb2 Re8 8. c4 e5 9. dxe5 Ng4 10. Nc3 dxe5 11. h3 Nh6 12. e4 f6 13. b4 a5 14.
a3 axb4 15. axb4 Rxa1 16. Qxa1 Nf7 17. c5 Nf8 18. Rd1 Bd7 19. Nd5 Qc8 20. Kh2 Ne6 21.
Bc3 Neg5 22. Ng1 f5 23. f3 Ne6 24. Ne2 fxe4 25. fxe4 Neg5 26. Ng1 Ne6 27. Nf3 Neg5 28. Nxg5 Nxg5 29. h4 Nf7 30. Qb2 Be6 31. b5 Nh6 32.
Bf3 Bg4 33. Rf1 Bxf3 34. Rxf3 c6 35. Ne3 Qe6 36. Rf2 Rd8 37. Rd2 Rf8 38. bxc6 bxc6 39. Rf2 Rxf2+ 40. Qxf2 Bf8 41. Qe2 Bxc5 42. Qc4 Ng4+ 43.
Kh3 Nf2+ 44. Kg2 Qxc4 45. Nxc4 Nxe4 46. Bxe5 Bb4 47. g4 Kf7 48. Kf3 Nd2+ 49. Nxd2 Bxd2 50. h5 Ke6 51. Ke4 Bg5 52. Bd4 Bf6 53. Bb6 Be7 54.
Ba7 Bd6 55. Bb6 gxh5 56. gxh5 c5 57. Bxc5 Bxc5 58. Kf3 Kf5 59. Kg2 Kg4 60. h6 Bf8 61. Kh1 Kh3 62. Kg1 Bxh6 63. Kh1 Be3 1/2-1/2

[Event "*** Titled Tuesday 3|2 Blitz"]
[Site "Chess.com"]
[Date "2016.08.02"]
[Round "5"]
[White "AdrianaNikolova"]
[Black "ecwinslow"]
[Result "1/2-1/2"]
[WhiteElo "2253"]
[BlackElo "2008"]
[TimeControl "180+2"]
[EndTime "12:07:46 PDT"]
[Termination "Game drawn by agreement"]

1. e4 c5 2. Nf3 d6 3. d4 cxd4 4. Nxd4 Nf6 5. Nc3 g6 6. Be3 Bg7 7. f3 O-O 8. Qd2 Nc6 9. Bc4 Bd7 10. O-O-O Rc8 11. Bb3 Ne5 12. g4 b5 13. h4 b4 14. Nd5 Nxd5 15. Bxd5 e6 16. Bb3 a5 17.
h5 a4 18. hxg6 axb3 19. Qh2 fxg6 20. axb3 Qa5 21. Qxh7+ Kf7 22. Bh6 Rg8 23. Bxg7 Rxg7 24. Qh2 Qa1+ 25. Kd2 Qxb2 26. Qf4+ Kg8 27. Ke2 Rxc2+ 28.
Nxc2 Qxc2+ 29. Qd2 Bb5+ 30. Kf2 Qc5+ 31. Qd4 Nxg4+ 32.
fxg4 Qg5 33. Kg3 e5 34. Qd5+ Kf8 35. Rh8+ Ke7 36. Qxb5 Qf4+ 37. Kh3 Qf3+ 38. Kh2 Qxd1 39. Qb7+ Kf6 40. g5+ Kxg5 41. Qxg7 Qe2+ 42. Kg3 Qe3+ 43. Kg2 Qe2+ 44. Kg1 Qe3+ 45. Kg2 Qe2+ 46. Kh1 Qf1+ 47. Kh2 Qf2+ 48. Kh3 Qf3+ 49. Kh2 Qf2+ 50. Kh1 1/2-1/2

[Event "*** Titled Tuesday 3|2 Blitz"]
[Site "Chess.com"]
[Date "2016.08.02"]
[Round "5"]
[White "Newlight1"]
[Black "Evgeny_Levin"]
[Result "0-1"]
[WhiteElo "2402"]
[BlackElo "2655"]
[TimeControl "180+2"]
[EndTime "12:07:48 PDT"]
[Termination "Evgeny_Levin won by resignation"]

1. e4 Nf6 2. e5 Nd5 3. c4 Nb6 4. d4 d6 5. f4 dxe5 6. fxe5 Bf5 7. Nc3 e6 8. Be3 Nc6 9. Nf3 Be7 10. Be2 O-O 11.
O-O f6 12. exf6 Bxf6 13. Qd2 Qe8 14. b3 Rd8 15. c5 Nd5 16. Nxd5 exd5 17. Bc4 dxc4 18.
bxc4 Bg4 19. Kh1 Bxf3 20. Rxf3 Bxd4 21. Rxf8+ Qxf8 22. Bxd4 Rxd4 23. Qb2 Qd8 24. h3 Rd1+ 25. Rxd1 Qxd1+ 26. Kh2 b6 27. Qb5 Qd7 28. cxb6 Qd6+ 29. Kh1 axb6 30. a4 h6 31. Qb3 Nd4 32. Qe3 Nf5 33.
Qe8+ Kh7 34. Qe4 Qg6 35. Qe1 Qc6 36. Qb1 Qg6 37. Qe1 Nd6 38. c5 Ne4 39. cxb6 cxb6 40.
a5 bxa5 41. Qxa5 Qf6 42. Qb5 Qf4 43. Kg1 Qe3+ 44. Kh2 Qg3+ 45. Kg1 Qf4 46. Qd3 Qf5 47. g4 Qf2+ 48. Kh1 Qf4 49. Kg1 Qg3+ 50. Qxg3 Nxg3 51.
Kg2 Ne4 52. h4 Kg6 53. Kf3 Nd6 54. Kf4 Nf7 55. Kg3 Kf6 56. Kf4 Ke6 57. g5 hxg5+ 58. hxg5 g6 59. Kg4 Ke5 60. Kg3 Nxg5 61. Kg4 Ne6 0-1

[Event "*** Titled Tuesday 3|2 Blitz"]
[Site "Chess.com"]
[Date "2016.08.02"]
[Round "5"]
[White "Nadtkins"]
[Black "dabee"]
[Result "0-1"]
[WhiteElo "2442"]
[BlackElo "2429"]
[TimeControl "180+2"]
[EndTime "12:08:04 PDT"]
[Termination "dabee won by checkmate"]

1. d4 e6 2. Bf4 c5 3. e3 Qb6 4. Nc3 a6 5. d5 d6 6. Bc4 e5 7. Bg3 Qxb2 8. Nge2 Nf6 9. O-O Qb4 10. Qd3 b5 11.
Nxb5 axb5 12. Bxb5+ Bd7 13. Nc3 e4 14. Qd2 Ra3 15.
Bxd7+ Nbxd7 16. Nb1 Qxd2 17. Nxd2 Ra4 18. c4 Be7 19.
Rfb1 O-O 20. Rb2 Rb8 21. Rab1 Rxb2 22. Rxb2 Rb4 23. Rc2 h6 24. f3 exf3 25. gxf3 Ne5 26. Bxe5 dxe5 27. Kf2 Bd6 28. Ke2 e4 29. f4 g5 30. a3 Ra4 31. fxg5 hxg5 32. Ra2 Bxh2 33.
Nb1 Be5 34. Kf2 Ne8 35. Nd2 Nd6 36. Kg2 f5 37. Kh3 Nxc4 38. Nb3 Rxa3 39. Rxa3 Nxa3 40. Nxc5 Kf7 41. Ne6 Kf6 42. Nf8 Nc4 43. Nd7+ Ke7 44. Nc5 Nxe3 45. d6+ Kxd6 46. Nxe4+ Kd5 47. Nxg5 f4 48. Nf3 Ke4 49. Nd2+ Kd3 50. Nf3 Bf6 51. Kh2 Ke2 52. Ng1+ Kf1 53. Nh3 Ng4+ 54. Kh1 f3 55.
Ng1 Nf2+ 56. Kh2 Be5# 0-1

[Event "*** Titled Tuesday 3|2 Blitz"]
[Site "Chess.com"]
[Date "2016.08.02"]
[Round "5"]
[White "eltenedor"]
[Black "MFBerna"]
[Result "0-1"]
[WhiteElo "2033"]
[BlackElo "2155"]
[TimeControl "180+2"]
[EndTime "12:08:04 PDT"]
[Termination "MFBerna won on time"]

1. c4 e6 2. d4 d5 3. g3 Nf6 4. Bg2 Be7 5. Nf3 O-O 6. Nbd2 c5 7. dxc5 Bxc5 8. O-O Nc6 9. a3 a5 10. cxd5 exd5 11. Nb3 Bb6 12. Bg5 h6 13. Bf4 Ne4 14. Nbd4 Nxd4 15. Nxd4 Qf6 16. Be3 Bd7 17. Nc2 Bxe3 18. Nxe3 Bc6 19. Rb1 Rfd8 20. Qd3 Nc5 21. Qc2 Ne6 22. Nf5 Rac8 23. Rbc1 d4 24. Bxc6 Rxc6 25.
Qd3 Nc5 26. Qb1 d3 27. Ne3 dxe2 28. Rfe1 Rd2 29. Rc2 Qd4 30. Rxe2 Rxe2 31. Rxe2 Nd3 32. Qa2 Rc1+ 33. Nf1 Ne5 34. Qb3 h5 35. Qe3 Qxe3 36. Rxe3 Nc4 37. Re2 Rb1 38. Kg2 Nxb2 39. Nd2 Ra1 40.
Ne4 Nc4 41. Ng5 g6 42. Re8+ Kg7 43. Re7 Nd6 44. Rd7 Kf6 45. Nh7+ Ke6 46. Rc7 Rxa3 47. Nf8+ Kd5 48. Rd7 Kc6 49. Re7 b5 50. Nd7 b4 51.
Ne5+ Kd5 0-1